 Dungeon Crawl Stone Soup version 0.27-a0-1123-g2f9bb313c0 (webtiles) character file.

Game seed: 1187359181816300553

8276 miscthings the Thaumaturge (level 11, -10/76 HPs)
             Began as a Djinni Conjurer on May 4, 2021.
             Was an Initiate of Makhleb.
             Killed from afar by a tengu conjurer (35 damage)
             ... with a bolt of lightning
             ... on level 8 of the Dungeon.
             The game lasted 00:20:20 (11343 turns).

miscthings the Thaumaturge (Djinni Conjurer)       Turns: 11343, Time: 00:20:20

Health: -10/76     AC:  6    Str:  6    XL:     11   Next: 28%
Gold:   394        EV: 12    Int: 24    God:    Makhleb [......] SH:  8 Dex: 11

rFire    + + .     SeeInvis .   o - +2 dagger (protect)
rCold    x . .     Faith    .   y - +0 kite shield
rNeg     . . .     Spirit   .   a - +0 robe
rPois    ∞         Reflect  .   v - +0 helmet
rElec    .         Harm     .   z - +1 cloak
rCorr    .         Rampage  .   x - +0 pair of gloves
Will     +....                  (boots unavailable)
Stlth    ++........             (no amulet)
HPRegen  0.22/turn              (no ring)
MPRegen  0.00/turn              (no ring)

@: flying, studying 2 skills
A: fire resistance 2, cold vulnerability 1, float, innate caster, hp casting,
extra vitality 1
a: Renounce Religion


You were on level 8 of the Dungeon.
You worshipped Makhleb.
Makhleb was noncommittal.
You visited 2 branches of the dungeon, and saw 10 of its levels.
You also visited: Sewer.

You collected 394 gold pieces.

Inventory:

Hand Weapons
 o - a +2 dagger of protection (weapon)
Missiles
 D - 2 throwing nets
Armour
 a - a +0 robe (worn)
 v - a +0 helmet (worn)
 x - a +0 pair of gloves (worn)
 y - a +0 kite shield (worn)
 z - a +1 cloak (worn)
 H - a scarf of repulsion
Wands
 C - a wand of digging (15)
 G - a wand of iceblast (8)
Scrolls
 b - a scroll of blinking
 f - a scroll of amnesia {unknown}
 h - a scroll of vulnerability {unknown}
 i - 2 scrolls of teleportation
 j - a scroll of holy word {unknown}
 k - a scroll of immolation {unknown}
 r - a scroll of fear
 t - a scroll of magic mapping
 w - a scroll of enchant armour
 B - 2 scrolls of identify {@r1}
 F - a scroll of enchant weapon
 I - a scroll of fog {unknown}
Potions
 c - a potion of mutation {unknown}
 d - a potion of magic {unknown}
 e - 5 potions of curing
 g - a potion of berserk rage
 l - 2 potions of heal wounds
 m - 2 potions of flight {unknown}
 n - 2 potions of ambrosia {unknown}
 p - 3 potions of might {unknown}
 q - 3 potions of haste
 s - 2 potions of lignification {unknown}
 u - 2 potions of attraction {unknown}
 A - 5 potions of brilliance {unknown}
 E - 2 potions of degeneration {unknown}
 J - a potion of cancellation {unknown}


   Skills:
 + Level 5.3 Fighting
 - Level 4.0 Armour
 + Level 6.8 Dodging
 - Level 1.5 Stealth
 + Level 5.2 Shields
 + Level 11.2 Spellcasting
 + Level 5.1 Evocations


You had 3 spell levels left.
You knew the following spells:

 Your Spells              Type           Power      Damage    Failure   Level
a - Searing Ray           Conj           100%       3d7       1%          2
b - Magic Dart            Conj           100%       1d8       1%          1
c - Dazzling Flash        Conj/Hex       100%       N/A       1%          3
d - Fulminant Prism       Conj/Hex       30%        3d16      1%          4
e - Iskenderun's Mystic   Conj/Tloc      61%        2d13      1%          4
f - Sandblast             Erth           100%       2d20      1%          1
g - Blink                 Tloc           N/A        N/A       1%          2
h - Swiftness             Air            61%        N/A       1%          3
i - Agony                 Necr           61%        N/A       4%          5
z - Airstrike             Air            30%        N/A       1%          4
Your spell library was empty.

Dungeon Overview and Level Annotations

Branches:
Dungeon (9/15)             Temple (1/1) D:6           Sewer (visited)
   Lair: D:8-11         Orc: D:9-12

Altars:
Ashenzari
Cheibriados
Dithmenos
Fedhas
Gozag
Kikubaaqudgha
Makhleb
Nemelex Xobeh
Okawaru
Qazlal
Ru
Sif Muna
Trog
Vehumet
Wu Jian
Yredelemnul
Zin
Beogh

Annotations:
D:7 3 runed translucent doors, OTABOTABOTAB's ghost, novice FoFi


Innate Abilities, Weirdness & Mutations

You are immune to poison.
Your flesh is very heat resistant. (rF++)
You are vulnerable to cold. (rC-)
You float through the air rather than walking.
You learn spells naturally, not from books.
Your magical power is your life essence.
You have superior vitality. (+4 HP)


Message History

The searing ray misses the howler monkey.
You block the howler monkey's attack.
The searing ray hits the howler monkey!
You kill the howler monkey!
Makhleb accepts your kill.
You finish channeling your searing ray.
Casting: Searing Ray (safe; 1% risk of failure)
Confirm with . or Enter, or press ? or * to list all spells.
Aiming: Airstrike (dangerous; 1% risk of failure)
Press: ? - help, Dir - move target, f - tengu conjurer
Aim: a tengu conjurer, wearing a +0 buckler (wandering, hasn't noticed you)
The air twists around and strikes the tengu conjurer!
The tengu conjurer shouts!
The tengu conjurer is moderately wounded.
Casting: Airstrike (dangerous; 1% risk of failure)
Confirm with . or Enter, or press ? or * to list all spells.
Aiming: Fulminant Prism (dangerous; 1% risk of failure)
Press: ? - help, Dir - move target, p - tengu conjurer You conjure a prism of explosive energy!
A fulminant prism comes into view.
The tengu conjurer mumbles some strange words.
The tengu conjurer conjures a globe of magical energy!
A battlesphere comes into view.
Your fulminant prism crackles loudly.
You see here a vampire mosquito corpse.
Your fulminant prism explodes!
You see here a vampire mosquito corpse.
Casting: Fulminant Prism (dangerous; 1% risk of failure)
Confirm with . or Enter, or press ? or * to list all spells.
You can't see any susceptible monsters within range! (Use Z to cast anyway.)
Casting: Fulminant Prism (dangerous; 1% risk of failure)
Confirm with . or Enter, or press ? or * to list all spells.
Aiming: Searing Ray (safe; 1% risk of failure)
Press: ? - help, Shift-Dir - straight line, f - tengu conjurer
Aim: a tengu conjurer, wearing a +0 buckler (almost dead, 68% to hit)
The searing ray misses the tengu conjurer. (Press . to maintain the ray.)
The tengu conjurer gestures at you while chanting.
The bolt of lightning hits you!!
You die...

#.# #.# #.#
#.#
#########.#
#.#
#..)).)...#
#.#
#.##...#..#
#.#
#)#########
##.. #)#
##############
#... #.#
#>............
#.##
#########.#
#...@.)....)..
#.#
..........#
#.Q####.####..
#.#
.##########
#..#.. ...
#.## ......#
#..#.......#
#.#. .####.#
#..#..$$/..#
###.#. .# #.#
#..#..$)$..#
#...#. .# #.#
#..#..?$/..#
#..... .# #.#
#..#.......#
###### .# #.#


You could see a tengu conjurer.

Vanquished Creatures
  A hydra (D:8)
  A two-headed ogre (D:8)
  Pikel (D:7)
  A hornet (D:9)
  Prince Ribbit (D:6)
  A wyvern (D:8)
  Eustachio (D:6)
  2 steam dragons
  Edmund (D:5)
  Grum (D:8)
  A vampire mosquito (D:8)
  4 water moccasins
  4 orc warriors
  2 ice beasts
  4 sky beasts
  2 black bears (D:6)
  5 ogres
  2 phantoms (D:5)
  4 wolves
  2 necrophages
  2 centaurs
  A kobold brigand (D:9)
  3 bullfrogs
  A gnoll sergeant (D:8)
  3 wyvern zombies
  A scorpion (D:6)
  A water moccasin zombie (D:5)
  6 killer bees
  2 howler monkeys
  3 centaur zombies
  2 jellies
  7 orc priests
  A gnoll shaman (D:8)
  A bullfrog skeleton (D:5)
  2 hounds (D:5)
  Ijyb (D:5)
  3 centaur skeletons
  A scorpion zombie (D:5)
  Natasha (thrice) (D:3)
  5 iguanas
  8 orc wizards
  4 killer bee zombies (D:8)
  A howler monkey zombie (D:8)
  11 gnolls
  2 howler monkey skeletons
  7 adders
  2 white imps
  An ufetubus (D:6)
  A worm (D:2)
  3 dart slugs
  36 orcs
  8 ball pythons
  5 endoplasms
  A giant cockroach (D:3)
  8 goblins
  8 hobgoblins
  24 jackals
  16 kobolds
  5 quokkas
  3 bats
  5 frilled lizards
  9 rats
258 creatures vanquished.

Vanquished Creatures (others)
  11 fulminant prisms
  10 plants (Sewer)
21 creatures vanquished.

Grand Total: 279 creatures vanquished

Notes
Turn   | Place    | Note
-------+----------+-------------------------------------------
     0 | D:1      | miscthings the Djinni Conjurer began the quest for the Orb.
     0 | D:1      | Reached XP level 1. HP: 15/15 MP: 0/0
   317 | D:1      | Reached XP level 2. HP: 9/21 MP: 0/0
   324 | D:1      | Reached skill level 4 in Spellcasting
  1071 | D:1      | Reached XP level 3. HP: 23/25 MP: 0/0
  1071 | D:1      | Learned a level 1 spell: Sandblast
  1869 | D:2      | Reached XP level 4. HP: 18/31 MP: 0/0
  2384 | D:2      | Reached skill level 5 in Spellcasting
  2707 | D:3      | Noticed Natasha
  2710 | D:3      | Killed Natasha
  2711 | D:3      | Reached XP level 5. HP: 12/35 MP: 0/0
  2711 | D:3      | Learned a level 2 spell: Blink
  2726 | D:3      | Found a glowing drain.
  2763 | Sewer    | Entered a sewer
  3465 | D:3      | Reached skill level 6 in Spellcasting
  3712 | D:3      | Noticed Natasha
  3716 | D:3      | Killed Natasha
  3717 | D:3      | Reached XP level 6. HP: 36/40 MP: 0/0
  3838 | D:3      | Noticed Natasha
  3842 | D:3      | Killed Natasha
  4310 | D:4      | Reached XP level 7. HP: 35/45 MP: 0/0
  4310 | D:4      | Learned a level 3 spell: Swiftness
  4328 | D:4      | Reached skill level 7 in Spellcasting
  5191 | D:5      | Entered Level 5 of the Dungeon
  5196 | D:5      | Reached skill level 8 in Spellcasting
  5264 | D:5      | Identified the +8 plate armour "Ruxt" {rN+ Str+4}
  5294 | D:5      | Reached XP level 8. HP: 43/50 MP: 0/0
  5440 | D:5      | Noticed Ijyb
  5453 | D:5      | Killed Ijyb
  5454 | D:5      | Reached skill level 9 in Spellcasting
  5702 | D:5      | Noticed Edmund
  5703 | D:5      | Found an opulent altar of Gozag.
  5712 | D:5      | Killed Edmund
  5757 | D:6      | Found a staircase to the Ecumenical Temple.
  5766 | Temple   | Entered the Ecumenical Temple
  6114 | D:6      | Reached skill level 10 in Spellcasting
  6114 | D:6      | Reached XP level 9. HP: 44/55 MP: 0/0
  6114 | D:6      | Learned a level 4 spell: Airstrike
  6114 | D:6      | Noticed Prince Ribbit
  6227 | D:6      | Killed Prince Ribbit
  6355 | D:6      | Reached skill level 1 in Fighting
  6355 | D:6      | Reached skill level 1 in Shields
  6356 | D:6      | Reached skill level 1 in Armour
  6356 | D:6      | Reached skill level 1 in Evocations
  6592 | D:6      | Noticed Eustachio
  6600 | D:6      | Killed Eustachio
  7112 | D:7      | Noticed Pikel
  7122 | D:7      | Killed Pikel
  7123 | D:7      | Reached XP level 10. HP: 7/67 MP: 0/0
  7551 | D:7      | Found a runed translucent gate.
  7551 | D:7      | Noticed OTABOTABOTAB's ghost (novice FoFi)
  7552 | D:7      | Found a runed translucent gate.
  7552 | D:7      | Found a runed translucent gate.
  7553 | D:7      | Identified the +5 chain mail "Icvaarr" {Drain +Blink rF+
                  | Regen+}
  7917 | D:7      | Found a broken altar of Ashenzari.
  8471 | D:8      | Noticed Grum
  8709 | D:8      | Found an iron altar of Okawaru.
  8713 | D:8      | Noticed a two-headed ogre
  8726 | D:8      | Killed a two-headed ogre
  8914 | D:8      | Found a burning altar of Makhleb.
  8964 | D:8      | Reached skill level 5 in Dodging
  9329 | D:8      | Found a basalt altar of Yredelemnul.
  9489 | D:8      | Killed Grum
  9490 | D:8      | Reached skill level 11 in Spellcasting
 10171 | D:5      | Reached XP level 11. HP: 50/74 MP: 0/0
 10171 | D:5      | Learned a level 5 spell: Agony
 10223 | D:5      | Identified 2 scrolls of acquirement
 10223 | D:5      | Acquired a manual of Armour
 10225 | D:5      | Acquired a manual of Dodging
 10403 | D:8      | Became a worshipper of Makhleb the Destroyer
 10730 | D:9      | Found an ornate altar of the Wu Jian Council.
 10824 | D:9      | Reached skill level 5 in Fighting
 11068 | D:9      | Found a snail-covered altar of Cheibriados.
 11309 | D:9      | Reached skill level 5 in Shields
 11323 | D:8      | Noticed a five-headed hydra
 11332 | D:8      | Killed a five-headed hydra
 11333 | D:8      | Reached skill level 5 in Evocations
 11343 | D:8      | Killed from afar by a tengu conjurer

Illustrated notes

Levels and vault maps discovered:
D:1:      moated_graveyard_arrival, layout_loops_corners
D:2:      minmay_spotlight, layout_loops_ring
D:3:      layout_loops_ring, portal_sewer_entry_a, serial_park_tiny_1,
          eino_tiny_chamber, uniq_natasha
D:4:      layout_cave_pools
D:5:      cheibrodos_barr_body, layout_rooms, lemuel_coloured_pillars_altar,
          hangedman_glass_teeth, minmay_bent, uniq_edmund, uniq_ijyb
D:6:      layout_rooms, minmay_temple_entry_gardened_gates, uniq_prince_ribbit1,
          uniq_eustachio
D:7:      layout_basic, general_overflow_altar, biasface_ghost_orc_armoury,
          uniq_pikel
D:8:      cheibrodos_elevator_heist, layout_loops_ring,
          okawaru_ov_weapons_minmay, overflow_temple_1_default,
          nicolae_yredelemnul_corpse_copse, chequers_arboretum, uniq_grum
D:9:      layout_roguey, regret_index_temple_of_mockery, old_standard_altar,
          kennysheep_slug_shrine
Temple:   dpeg_chambers_temple

Skill      XL: |  1  2  3  4  5  6  7  8  9 10 11 |
---------------+----------------------------------+-----
Spellcasting   | 4 5 6 8 10 11 | 11.2
Fighting       | 3 4 5 |  5.3
Shields        | 2 4 5 |  5.2
Armour         | 2 4 |  4.0
Evocations     | 2 4 5 |  5.1
Dodging        | 4 5 6 |  6.8
Stealth        | |  1.5

Action                   |  1- 3 |  4- 6 |  7- 9 | 10-12 || total
-------------------------+-------+-------+-------+-------++-------
Melee: Dagger            |       |    13 |     1 |     3 ||    17
 Cast: Magic Dart        |    14 |    16 |     1 |       ||    31
       Searing Ray       |    27 |    45 |    55 |    54 ||   181
       Airstrike         |       |       |     9 |     8 ||    17
       Fulminant Prism   |       |       |     1 |    10 ||    11
       Iskenderun's Myst |       |       |       |     3 ||     3
  Use: Scroll            |       |     3 |     2 |     8 ||    13
       Potion            |       |       |       |     1 ||     1
Armor: Robe              |       |     8 |     7 |    10 ||    25
Dodge: Dodged            |     9 |    26 |    17 |    32 ||    84
Block: Kite shield       |       |       |    13 |    35 ||    48

Table legend: (Time is in decaauts)
 A = Elapsed time spent in this place.
 B = Non-inter-level travel time spent in this place.
 C = Inter-level travel time spent in this place.
 D = Time resting spent in this place.
 E = Time spent auto-exploring this place.
 F = Levels seen in this place.
 G = Mean time per level.
                   A        B        C        D        E       F      G
               +--------+--------+--------+--------+--------+-----+--------+
         Total |  11347 |  10729 |    618 |   3829 |   5212 |  11 | 1031.5 |
       Dungeon |  10498 |   9904 |    594 |   3641 |   4716 |   9 | 1166.4 |
        Temple |    243 |    219 |     24 |      0 |    218 |   1 |  243.0 |
         Sewer |    604 |    604 |      0 |    188 |    278 |   1 |  604.0 |
               +--------+--------+--------+--------+--------+-----+--------+

Top non-repeatable levels by time:
     D:7: 1931 daAuts
     D:1: 1384 daAuts
     D:8: 1329 daAuts
     D:3: 1215 daAuts
     D:2: 1121 daAuts
     D:5: 974 daAuts
     D:4: 864 daAuts
     D:9: 862 daAuts
     D:6: 814 daAuts
   Sewer: 604 daAuts
  Temple: 243 daAuts
